 Dungeon Crawl Stone Soup version 0.30-a0-358-g0d69a1922f (webtiles) character file.

Game seed: 7892072352128754527

798 ryw the Caller (level 7, 0/52 HPs)
             Began as a Demonspawn Summoner on Nov 10, 2022.
             Killed from afar by an orc wizard (12 damage)
             ... with a puff of flame
             ... on level 7 of the Dungeon.
             The game lasted 00:17:24 (5315 turns).

ryw the Caller (Demonspawn Summoner)                Turns: 5315, Time: 00:17:25

Health: 0/52       AC:  7    Str:  6 (8)  XL:     7   Next: 58%
Magic:  5/13       EV: 13    Int: 18 (19) God:
Gold:   229        SH:  0    Dex: 12 (13) Spells: 1/14 levels left

rFire   . . .      SeeInvis .    e - +0 spear
rCold   . . .      Faith    .    (no shield)
rNeg    . . .      Spirit   .    a - +0 robe
rPois   .          Reflect  .    n - +0 helmet
rElec   .          Harm     .    o - +0 cloak
rCorr   +          Rampage  .    (no gloves)
Will    .....                    (no boots)
Stlth   ++........               (no amulet)
HPRegen 0.28/turn                c - ring of resist corrosion
MPRegen 0.13/turn                (no ring)

@: no status effects
A: hooves 1, yellow scales 2, demonic magic 1
a: no special abilities


You were on level 7 of the Dungeon.
You visited 1 branch of the dungeon, and saw 7 of its levels.

You collected 229 gold pieces.

Inventory:

Hand Weapons
 e - a +0 spear (weapon)
Armour
 a - a +0 robe (worn)
 g - a scarf of invisibility
 n - a +0 helmet (worn)
 o - a +0 cloak (worn)
Jewellery
 c - a ring of resist corrosion (left hand)
Wands
 h - a wand of flame (13)
 p - a wand of light (12)
 r - a wand of iceblast (5)
Scrolls
 d - 3 scrolls of amnesia
 k - a scroll of acquirement {unknown}
 s - a scroll of identify
Potions
 b - a potion of magic
 f - 4 potions of might
 i - 2 potions of attraction
 j - 3 potions of lignification
 l - a potion of flight
 m - a potion of degeneration


   Skills:
 + Level 3.0 Fighting
 + Level 3.4 Dodging
 - Level 1.7 Stealth
 + Level 4.3 Spellcasting
 + Level 3.0 Hexes
 + Level 5.9 Summonings
 + Level 0.7 Air Magic


You had one spell level left.
You knew the following spells:

 Your Spells              Type           Power      Damage    Failure   Level
a - Summon Small Mammal   Summ           100%       N/A       1%          1
b - Call Imp              Summ           25%        N/A       1%          2
c - Call Canine Familiar  Summ           25%        N/A       3%          3
d - Summon Guardian Gole  Hex/Summ       20%        N/A       7%          3
e - Summon Lightning Spi  Summ/Air       15%        N/A       36%         4

Your spell library contained the following spells:

 Spells                   Type           Power      Damage    Failure   Level


Dungeon Overview and Level Annotations

Branches:
Dungeon (7/15)             Temple (0/1) D:5

Altars:
Dithmenos
Uskayaw
Wu Jian

Shops:
D:1 (

Annotations:
D:4 Sigmund
D:5 Eustachio


Innate Abilities, Weirdness & Mutations

You have large cloven feet.
You are mostly covered in yellow scales. (AC +3)
Spells you cast may paralyse adjacent enemies.


Message History

The orc priest barely misses your quokka.
The orc priest closely misses your white imp.
The orc priest hits your guardian golem but does no damage.
The orc wizard casts a spell at you. You resist with some effort.
Reach: e) +0 spear
Press: ? - help, Dir - move target, f/p - orc priest
Aim: an orc priest, wielding a +0 hand axe and wearing a +0 leather armour (ally target, about 40% to evade your +0 spear)
You could not reach far enough!
Your hound scratches at a flea.
Your white imp hits the orc priest but does no damage.
Your quokka bites the orc priest.
The orc priest hits your quokka with a +0 hand axe!
Your quokka dies!
Your quokka's corpse disappears in a puff of smoke!
The orc priest hits your guardian golem but does no damage.
The orc priest misses your white imp.
Reach: e) +0 spear
Press: ? - help, Dir - move target, f/p - orc priest
Aim: an orc priest, wielding a +0 hand axe and wearing a +0 leather armour (lightly wounded, ally target, about 40% to evade your +0 spear)
You could not reach far enough!
Your white imp hits the orc priest.
Your white imp freezes the orc priest.
Your hound bites the orc priest.
The orc priest hits your hound with a +0 hand axe.
The orc priest hits your guardian golem but does no damage.
The orc priest hits your white imp with a +0 hand axe.
The orc wizard closely misses you. The orc hits you with a +0 flail.
Reach: e) +0 spear
Press: ? - help, Dir - move target, f/p - orc priest
Aim: an orc priest, wielding a +0 hand axe and wearing a +0 leather armour (severely wounded, ally target, about 40% to evade your +0 spear)
You could not reach far enough!
Your hound bites the orc priest but does no damage.
Your white imp barely misses the orc priest.
The orc hits you with a +0 flail.
* * * LOW HITPOINT WARNING * * *
The orc priest misses your hound.
The orc priest completely misses your guardian golem.
The orc priest hits your white imp with a +0 hand axe.
The orc wizard casts a spell at you. The puff of flame hits you!
You die...

#§# #.# #.# #.#####.###
#.#.......# #.#.......#
####.#.......###########
#....#.......59.........
#....#..##...oh@o..o....
##....#..##.#####o##.###
...........9#####o##(####
#.........)9{.5......o...
......#..##§#####.##...o.
.>...........####.# ....
..###.............# ...
#.# #.#..##...###.# ..
..# #.#..##.......# #


You could see an orc priest (distracted, ally target), 2 orc wizards, 2 orcs, a
friendly guardian golem (summoned), a friendly hound (summoned, sheltered) and a
friendly white imp (summoned, sheltered).

Vanquished Creatures
  A water moccasin (D:6)
  An iguana (D:4)
  An adder (D:5)
  A dart slug (D:1)
  An endoplasm (D:2)
  A goblin (D:3)
  3 hobgoblins
  A quokka (D:1)
  2 ball pythons (D:3)
  3 bats (D:1)
  2 kobolds
  3 rats
20 creatures vanquished.

Vanquished Creatures (collateral kills)
  A jelly (D:4)
  2 orc priests (D:3)
  2 iguanas
  Ijyb (D:4)
  2 orc wizards (D:7)
  Robin (D:3)
  4 adders
  A worm (D:3)
  3 dart slugs (D:1)
  5 orcs
  3 ball pythons
  3 endoplasms
  13 goblins
  8 hobgoblins
  3 quokkas
  A bat (D:1)
  3 frilled lizards
  5 kobolds
  2 rats
63 creatures vanquished.

Vanquished Creatures (others)
  Blork the orc (D:4)
  A scorpion (D:3)
  3 wights (D:4)
  Crazy Yiuf (D:3)
  An orc (D:7)
  A fungus (D:3)
8 creatures vanquished.

Grand Total: 91 creatures vanquished

Notes
Turn   | Place    | Note
-------+----------+-------------------------------------------
     0 | D:1      | ryw the Demonspawn Summoner began the quest for the Orb.
     0 | D:1      | Reached XP level 1. HP: 13/13 MP: 3/3
   370 | D:1      | Found Onocaa's Weapon Emporium.
   518 | D:1      | Gained mutation: You are partially covered in yellow
                  | scales. (AC +2) [demonic ancestry]
   518 | D:1      | Reached XP level 2. HP: 19/19 MP: 3/5
   521 | D:1      | Learned a level 2 spell: Call Imp
  1069 | D:1      | Reached XP level 3. HP: 24/24 MP: 1/7
  1073 | D:1      | Learned a level 3 spell: Call Canine Familiar
  1733 | D:2      | Found a faded altar of an unknown god.
  1906 | D:2      | Found a shadowy altar of Dithmenos.
  2320 | D:3      | Found a shadowy altar of Dithmenos.
  2394 | D:3      | Gained mutation: Spells you cast may paralyse adjacent
                  | enemies. [demonic ancestry]
  2394 | D:3      | Reached XP level 4. HP: 30/30 MP: 5/8
  2398 | D:3      | Learned a level 3 spell: Summon Guardian Golem
  2436 | D:3      | Noticed Robin
  2455 | D:3      | Killed Robin
  2688 | D:3      | Reached skill level 5 in Summonings
  2691 | D:3      | Gained mutation: You are mostly covered in yellow scales.
                  | (AC +3) [demonic ancestry]
  2691 | D:3      | Reached XP level 5. HP: 36/36 MP: 2/10
  2709 | D:3      | Reached skill level 1 in Fighting
  2709 | D:3      | Reached skill level 1 in Hexes
  3143 | D:3      | Found a runed translucent door.
  3144 | D:3      | Noticed Crazy Yiuf
  3161 | D:3      | Killed Crazy Yiuf
  3266 | D:4      | Noticed Blork the orc
  3279 | D:4      | Killed Blork the orc
  3280 | D:4      | Reached XP level 6. HP: 41/44 MP: 2/11
  3300 | D:4      | Noticed Sigmund
  3744 | D:4      | Noticed Ijyb
  3757 | D:4      | Killed Ijyb
  3823 | D:4      | Found a hide-covered altar of Uskayaw.
  4325 | D:4      | Gained mutation: You have large cloven feet. [demonic
                  | ancestry]
  4325 | D:4      | Reached XP level 7. HP: 51/51 MP: 10/13
  4735 | D:5      | Entered Level 5 of the Dungeon
  4779 | D:5      | Learned a level 4 spell: Summon Lightning Spire
  4871 | D:5      | Found a staircase to the Ecumenical Temple.
  4878 | D:5      | Noticed Eustachio
  4987 | D:6      | Found an ornate altar of the Wu Jian Council.
  5121 | D:6      | HP: 2/51 [poisoned by a water moccasin]
  5315 | D:7      | Killed from afar by an orc wizard

Illustrated notes

Levels and vault maps discovered:
D:1:      wander_arrival_peaceful_grave, layout_loops_corners, serial_shops,
          nicolae_shop_hallway_plus
D:2:      layout_basic, nicolae_ecumenical_oubliette, basic_altar,
          minmay_misc_feat_square
D:3:      layout_basic, grunt_dithmenos_smoke, uniq_robin,
          uniq_crazy_yiuf_cottage
D:4:      layout_gridville, nicolae_uskayaw_murder_on_the_dancefloor,
          uniq_sigmund, uniq_blork_the_orc, uniq_ijyb
D:5:      layout_gridville, minmay_temple_entry_offerings, uniq_prince_ribbit1,
          uniq_grinder, uniq_eustachio
D:6:      layout_basic, nicolae_overflow_hidden_temple, serial_shops,
          shop_fountains, roderic_roman_lattice, uniq_edmund
D:7:      minmay_klotski, layout_basic, kennysheep_generic_room_15

Skill      XL: |  1  2  3  4  5  6  7 |
---------------+----------------------+-----
Spellcasting   | 3 4 |  4.3
Dodging        | 2 3 |  3.4
Summonings     | 5 |  5.9
Fighting       | 1 2 3 |  3.0
Hexes          | 1 2 3 |  3.0
Stealth        | |  1.7
Air Magic      | |  0.7

Action                   |  1- 3 |  4- 6 |  7- 9 || total
-------------------------+-------+-------+-------++-------
Melee: Spear             |    44 |    31 |    44 ||   119
       Unarmed           |     4 |       |       ||     4
       Kick              |       |       |    12 ||    12
       Punch             |       |       |     1 ||     1
 Cast: Summon Small Mamm |    25 |     4 |     4 ||    33
       Call Imp          |    19 |    19 |     9 ||    47
       Call Canine Famil |     6 |    21 |     8 ||    35
       Summon Guardian G |       |     5 |     5 ||    10
Evoke: Wand              |       |       |     2 ||     2
  Use: Scroll            |     2 |     4 |       ||     6
       Potion            |       |       |     3 ||     3
 Stab: Paralysed         |       |     3 |     5 ||     8
       Distracted        |       |     1 |       ||     1
Armor: Robe              |     6 |     6 |    18 ||    30
Dodge: Dodged            |    52 |    24 |    42 ||   118

Table legend: (Time is in decaauts)
 A = Elapsed time spent in this place.
 B = Non-inter-level travel time spent in this place.
 C = Inter-level travel time spent in this place.
 D = Time resting spent in this place.
 E = Time spent auto-exploring this place.
 F = Levels seen in this place.
 G = Mean time per level.
                   A        B        C        D        E       F      G
               +--------+--------+--------+--------+--------+-----+--------+
         Total |   5328 |   5107 |    221 |    661 |   3373 |   7 |  761.1 |
       Dungeon |   5328 |   5107 |    221 |    661 |   3373 |   7 |  761.1 |
               +--------+--------+--------+--------+--------+-----+--------+

Top non-repeatable levels by time:
     D:1: 1364 daAuts
     D:3: 1356 daAuts
     D:4: 1276 daAuts
     D:2: 746 daAuts
     D:6: 239 daAuts
     D:5: 207 daAuts
     D:7: 137 daAuts
